[Event "Austria Championship Blitz 2024"]
[Site "Innsbruck"]
[Date "2024.06.01"]
[Round "11.7"]
[White "Lerch, Johannes"]
[Black "Blaas, Hansjoerg"]
[Result "1/2-1/2"]
[ECO "B25"]
[WhiteElo "2208"]
[BlackElo "2222"]
[Annotator "RC"]
[PlyCount "116"]
[EventDate "2024.06.01"]
[EventType "swiss"]
[EventCountry "AUT"]
[SourceTitle "playchess.com"]
[Source "ChessBase"]
[SourceQuality "1"]
[TimeControl "180+2"]

1. e4 c5 2. Nc3 Nc6 3. g3 g6 4. Bg2 Bg7 5. d3 Nf6 6. f4 d6 7. Nf3 O-O 8. O-O Bd7 9. h3 a6 10. Be3 Qc7 11. Qd2 e6 12. g4 d5 13. Bf2 dxe4 14. dxe4 Rad8 15. e5 Bc8 16. Qe2 Nd7 17. Ne4 b6 18. g5 Bb7 19. Nf6+ Bxf6 20. gxf6 Nb4 21. Ng5 Bxg2 22. Kxg2 Qc6+ 23. Kh2 h6 24. Ne4 Kh7 25. c3 Nd5 26. Qf3 c4 27. h4 Nc5 28. Bxc5 bxc5 29. h5 Rb8 30. Rf2 Rg8 31. Rg1 Rbd8 32. hxg6+ fxg6 33. Qh3 h5 34. Ng5+ Kh6 35. Nf7+ Kh7 36. Nxd8 Rxd8 37. Rxg6 Kxg6 38. Rg2+ Kh6 39. Rg5 Nxf4 40. Qg3 Rd2+ 41. Kg1 Rg2+ 42. Qxg2 Nxg2 43. Rxg2 Qe4 44. Rf2 Qg4+ 45. Kf1 Qd1+ 46. Kg2 Qd5+ 47. Kf1 Qd1+ 48. Kg2 Qg4+ 49. Kf1 Qg8 50. f7 Qf8 51. Rf6+ Kg5 52. Kf2 Kg4 53. Kg2 h4 54. Kh2 Qd8 55. Rf2 Qf8 56. Kg1 h3 57. Kh2 Qa8 58. Rf6 Qf8 1/2-1/2

[Event "Austria Championship Blitz 2024"]
[Site "Innsbruck"]
[Date "2024.06.01"]
[Round "11.8"]
[White "Erhard, Jakob"]
[Black "Balint, Peter"]
[Result "1-0"]
[ECO "C52"]
[WhiteElo "2057"]
[BlackElo "2343"]
[Annotator "RC"]
[PlyCount "155"]
[EventDate "2024.06.01"]
[EventType "swiss"]
[EventCountry "AUT"]
[SourceTitle "playchess.com"]
[Source "ChessBase"]
[SourceQuality "1"]
[TimeControl "180+2"]

1. e4 e5 2. Nf3 Nc6 3. Bc4 Bc5 4. b4 Bxb4 5. c3 Ba5 6. d4 Nge7 7. O-O O-O 8. d5 Nb8 9. Nxe5 d6 10. Nd3 Nd7 11. Bb3 Bb6 12. Kh1 f5 13. e5 Ng6 14. e6 Nde5 15. f4 Ng4 16. Qf3 Kh8 17. h3 Nf6 18. Na3 c6 19. c4 Nh4 20. Qg3 Ne4 21. Qe1 Qf6 22. Be3 Qg6 23. Qxh4 Ng3+ 24. Kh2 Nxf1+ 25. Rxf1 Bxe3 26. Rf3 Bd4 27. Nc2 Bf6 28. Qf2 Qe8 29. Qe2 b5 30. Re3 bxc4 31. Bxc4 Be7 32. Ndb4 Bb7 33. dxc6 Bxc6 34. Nd4 Be4 35. Bd5 Bxd5 36. Nxd5 Rc8 37. Qa6 Rc5 38. Qb7 Qc8 39. Qxc8 Rfxc8 40. Nxe7 Re8 41. Nexf5 Rd5 42. Nb5 Rxf5 43. Nxd6 Rff8 44. e7 Rxe7 45. Rxe7 h6 46. Kg3 a5 47. Ra7 Rf6 48. Ne4 Rf5 49. Nd6 Rd5 50. Nc4 Rd3+ 51. Kg4 h5+ 52. Kxh5 Rd4 53. Nxa5 Rxf4 54. g4 Kh7 55. Kg5 Ra4 56. Nc6 Rc4 57. Ne5 Rc5 58. Kf5 Kh6 59. Ra6+ Kh7 60. g5 g6+ 61. Rxg6 Rc1 62. Rh6+ Kg7 63. Ra6 Rf1+ 64. Ke4 Re1+ 65. Kf4 Rf1+ 66. Nf3 Rb1 67. a4 Rb4+ 68. Kg3 Rb3 69. h4 Rb4 70. a5 Ra4 71. Ra7+ Kg6 72. a6 Rg4+ 73. Kf2 Ra4 74. Ra8 Kh5 75. a7 Kg4 76. g6 Ra2+ 77. Ke3 Ra3+ 78. Ke4 1-0

[Event "Austria Championship Blitz 2024"]
[Site "Innsbruck"]
[Date "2024.06.01"]
[Round "11.9"]
[White "Binder, Moriz"]
[Black "Zanon, Magnus"]
[Result "1-0"]
[ECO "A88"]
[WhiteElo "2210"]
[BlackElo "2092"]
[Annotator "RC"]
[PlyCount "70"]
[EventDate "2024.06.01"]
[EventType "swiss"]
[EventCountry "AUT"]
[SourceTitle "playchess.com"]
[Source "ChessBase"]
[SourceQuality "1"]
[TimeControl "180+2"]

1. d4 f5 2. Nf3 Nf6 3. g3 d6 4. Bg2 g6 5. O-O Bg7 6. c4 O-O 7. Nc3 Qe8 8. Re1 c6 9. b4 Qf7 10. Qb3 h6 11. Bb2 Be6 12. Nd2 b5 13. d5 cxd5 14. cxd5 Bd7 15. Nf3 Na6 16. Nd4 Nc7 17. Rad1 a6 18. a4 Rac8 19. axb5 Bxb5 20. Ncxb5 axb5 21. Ne6 Nxe6 22. dxe6 Qe8 23. Rc1 Rxc1 24. Rxc1 Qb8 25. Qc2 Qa7 26. e3 Nh5 27. Bxg7 Nxg7 28. Qc7 Qa3 29. Bd5 Re8 30. Qc3 Qa7 31. Rc2 Kf8 32. Qc6 Qa1+ 33. Kg2 Qe5 34. Qxb5 Nxe6 35. Qc4 Ng5 1-0

[Event "Austria Championship Blitz 2024"]
[Site "Innsbruck"]
[Date "2024.06.01"]
[Round "11.10"]
[White "Polterauer, Chiara"]
[Black "Kondrak, Christoph"]
[Result "0-1"]
[ECO "B43"]
[WhiteElo "2136"]
[BlackElo "1972"]
[Annotator "RC"]
[PlyCount "54"]
[EventDate "2024.06.01"]
[EventType "swiss"]
[EventCountry "AUT"]
[SourceTitle "playchess.com"]
[Source "ChessBase"]
[SourceQuality "1"]
[TimeControl "180+2"]

1. e4 c5 2. Nf3 e6 3. d4 cxd4 4. Nxd4 a6 5. Nc3 b5 6. a3 Bb7 7. Be2 Qc7 8. f4 Nf6 9. Bf3 b4 10. axb4 Bxb4 11. Qd3 Bxc3+ 12. bxc3 O-O 13. O-O d5 14. e5 Ne4 15. Bxe4 dxe4 16. Qe3 Rc8 17. Ra3 Nd7 18. Bd2 Nb6 19. Rb3 Bd5 20. Rb4 Nc4 21. Qe2 Nxd2 22. Qxd2 Qxc3 23. Qxc3 Rxc3 24. Ra1 g6 25. Rba4 Bc4 26. Kf2 Rd8 27. Nb3 Rxc2+ 0-1

[Event "Austria Championship Blitz 2024"]
[Site "Innsbruck"]
[Date "2024.06.01"]
[Round "11.11"]
[White "Wimmer, Michael"]
[Black "Wetscher, Wolfgang"]
[Result "1-0"]
[ECO "B11"]
[WhiteElo "2142"]
[BlackElo "1937"]
[Annotator "RC"]
[PlyCount "121"]
[EventDate "2024.06.01"]
[EventType "swiss"]
[EventCountry "AUT"]
[SourceTitle "playchess.com"]
[Source "ChessBase"]
[SourceQuality "1"]
[TimeControl "180+2"]

1. e4 c6 2. Nc3 Qc7 3. g3 d6 4. Bg2 Nd7 5. d3 Ngf6 6. f4 e5 7. Nf3 Be7 8. O-O Nf8 9. h3 h6 10. Be3 a6 11. a4 c5 12. a5 Ne6 13. Ne2 Nd4 14. c3 Nxf3+ 15. Rxf3 Bd7 16. Rf1 Qc8 17. Kh2 Qc7 18. Ng1 Bc6 19. Nf3 Nd7 20. Qb3 O-O 21. f5 Nf6 22. c4 Be8 23. g4 Nd7 24. Qc2 Nb8 25. g5 hxg5 26. Nxg5 Bxg5 27. Bxg5 f6 28. Be3 Nc6 29. Rg1 Bh5 30. Qf2 Kf7 31. Bf3 Bxf3 32. Qxf3 Rh8 33. Rg6 Ne7 34. Rg3 Rh7 35. Rag1 Rah8 36. Qg2 Rg8 37. Bd2 Kf8 38. Qf3 Nc6 39. Qd1 Nd4 40. Qf1 Rgh8 41. Qg2 Qf7 42. Bc3 Nc6 43. Qc2 Qh5 44. R1g2 Qf7 45. Qb3 Qc7 46. Qd1 Qd7 47. Qa4 Qc7 48. Qd1 Rg8 49. Qc2 Rgh8 50. Qb1 Rg8 51. b4 Nd4 52. b5 Qd7 53. bxa6 bxa6 54. Qb6 Qc8 55. Qxd6+ Kf7 56. Qd5+ Kf8 57. Bb2 Qb8 58. Ba3 Nb3 59. Rb2 Rgh8 60. Bxc5+ Nxc5 61. Rxb8+ 1-0

[Event "Austria Championship Blitz 2024"]
[Site "Innsbruck"]
[Date "2024.06.01"]
[Round "11.12"]
[White "Vrban, Damir"]
[Black "Horvath, Reka"]
[Result "1-0"]
[ECO "A03"]
[WhiteElo "2151"]
[BlackElo "2009"]
[Annotator "RC"]
[PlyCount "61"]
[EventDate "2024.06.01"]
[EventType "swiss"]
[EventCountry "AUT"]
[SourceTitle "playchess.com"]
[Source "ChessBase"]
[SourceQuality "1"]
[TimeControl "180+2"]

1. f4 d5 2. Nf3 Nf6 3. g3 g6 4. Bg2 Bg7 5. O-O O-O 6. d3 b6 7. Nc3 Bb7 8. Ne5 c5 9. e4 dxe4 10. dxe4 Nc6 11. Nxc6 Bxc6 12. e5 Bxg2 13. exf6 Bxf1 14. fxg7 Kxg7 15. Qxd8 Rfxd8 16. Kxf1 b5 17. Be3 b4 18. Ne2 Rac8 19. Kf2 Rd5 20. Kf3 e5 21. c4 Rd3 22. fxe5 Rcd8 23. Ke4 f5+ 24. exf6+ Kxf6 25. Nf4 R3d7 26. Nd5+ Kg7 27. Bxc5 Re8+ 28. Kd3 Rb8 29. Bd4+ Kf7 30. Rf1+ Ke6 31. Rf6# 1-0

[Event "Austria Championship Blitz 2024"]
[Site "Innsbruck"]
[Date "2024.06.01"]
[Round "11.13"]
[White "Neuschmied, Siegfried"]
[Black "Kuzmanovic, Zeljko"]
[Result "1-0"]
[ECO "B10"]
[WhiteElo "2234"]
[BlackElo "1866"]
[Annotator "RC"]
[PlyCount "67"]
[EventDate "2024.06.01"]
[EventType "swiss"]
[EventCountry "AUT"]
[SourceTitle "playchess.com"]
[Source "ChessBase"]
[SourceQuality "1"]
[TimeControl "180+2"]

1. e4 Nf6 2. d3 d5 3. Nd2 e5 4. Ngf3 Bd6 5. Be2 c6 6. O-O O-O 7. c3 b6 8. Re1 Ba6 9. a4 Re8 10. b4 dxe4 11. dxe4 Bxe2 12. Qxe2 Nbd7 13. Nc4 Bc7 14. Rd1 Qe7 15. Nh4 g6 16. Bg5 Qe6 17. Rd2 a5 18. bxa5 bxa5 19. Rad1 Nc5 20. Qf3 Nfxe4 21. Bh6 Qxc4 22. Rd7 Nxd7 23. Rxd7 Bb6 24. h3 Bxf2+ 25. Kh2 Bg3+ 26. Kg1 Qc5+ 27. Kh1 Nf2+ 28. Kg1 Nxh3+ 29. Kf1 Qg1+ 30. Ke2 Nf4+ 31. Kd2 Qe1+ 32. Kc2 Qe2+ 33. Qxe2 Nxe2 34. Nf3 1-0

[Event "Austria Championship Blitz 2024"]
[Site "Innsbruck"]
[Date "2024.06.01"]
[Round "11.14"]
[White "Kranzl, Peter"]
[Black "Teuschler, Barbara"]
[Result "0-1"]
[ECO "B22"]
[WhiteElo "2157"]
[BlackElo "2040"]
[Annotator "RC"]
[PlyCount "75"]
[EventDate "2024.06.01"]
[EventType "swiss"]
[EventCountry "AUT"]
[SourceTitle "playchess.com"]
[Source "ChessBase"]
[SourceQuality "1"]
[TimeControl "180+2"]

1. e4 c5 2. c3 Nf6 3. e5 Nd5 4. d4 cxd4 5. Qxd4 e6 6. Nf3 Nc6 7. Qe4 d6 8. Nbd2 Be7 9. Nc4 dxe5 10. Nfxe5 Nxe5 11. Nxe5 O-O 12. Bd3 Nf6 13. Qe2 Nd7 14. Nxd7 Bxd7 15. Qe4 g6 16. Qxb7 Bc6 17. Qxc6 Qxd3 18. Qf3 Qa6 19. Qe2 Qb7 20. O-O Rfd8 21. Be3 Rd5 22. Bd4 Rg5 23. f3 Re8 24. Rad1 e5 25. Bf2 Bf8 26. Rfe1 a5 27. b3 h5 28. Qe4 Qb8 29. c4 Rf5 30. Qd5 e4 31. Qc6 Rc5 32. Qa4 Rg5 33. Rxe4 Rxe4 34. fxe4 Qf4 35. Re1 Qg4 36. g3 h4 37. Qc6 Qf3 38. Re3 0-1

[Event "Austria Championship Blitz 2024"]
[Site "Innsbruck"]
[Date "2024.06.01"]
[Round "11.15"]
[White "Schnegg, Daniel"]
[Black "Tumanyan, Gor"]
[Result "0-1"]
[ECO "A03"]
[WhiteElo "2115"]
[BlackElo "1992"]
[Annotator "RC"]
[PlyCount "74"]
[EventDate "2024.06.01"]
[EventType "swiss"]
[EventCountry "AUT"]
[SourceTitle "playchess.com"]
[Source "ChessBase"]
[SourceQuality "1"]
[TimeControl "180+2"]

1. f4 d5 2. b3 c5 3. e3 Nc6 4. Bb2 Nf6 5. Nf3 g6 6. Bb5 Bg7 7. O-O O-O 8. Bxc6 bxc6 9. Ne5 Qc7 10. Qc1 Bb7 11. d3 a5 12. a4 Rfd8 13. Nd2 e6 14. Ndf3 Ba6 15. Ba3 c4 16. Bc5 Nd7 17. Bd4 c5 18. Bb2 Nxe5 19. Nxe5 cxb3 20. cxb3 Rab8 21. Qc2 Qb6 22. Ra3 c4 23. Bd4 Qb4 24. Qb2 Rdc8 25. dxc4 dxc4 26. Rc1 cxb3 27. h3 Rxc1+ 28. Qxc1 Rc8 29. Qa1 Bb7 30. Ng4 Qd2 31. Qf1 Bxd4 32. exd4 Qxd4+ 33. Kh1 Qb2 34. Ra1 Bxg2+ 35. Qxg2 Qxa1+ 36. Kh2 Rc2 37. Nf2 Qa2 0-1

[Event "Austria Championship Blitz 2024"]
[Site "Innsbruck"]
[Date "2024.06.01"]
[Round "11.16"]
[White "Keferboeck, Jewgeni"]
[Black "Schranzhofer, Marco"]
[Result "1-0"]
[ECO "B12"]
[WhiteElo "1957"]
[BlackElo "1908"]
[Annotator "RC"]
[PlyCount "99"]
[EventDate "2024.06.01"]
[EventType "swiss"]
[EventCountry "AUT"]
[SourceTitle "playchess.com"]
[Source "ChessBase"]
[SourceQuality "1"]
[TimeControl "180+2"]

1. e4 c6 2. d4 d5 3. e5 c5 4. dxc5 e6 5. a3 Bxc5 6. Nf3 Nc6 7. b4 Bb6 8. Bb2 Nge7 9. Bd3 Ng6 10. O-O Nf4 11. c4 dxc4 12. Bxc4 Qxd1 13. Rxd1 O-O 14. Nc3 a6 15. Ne4 Ng6 16. Rd2 Bc7 17. Nd6 Bxd6 18. Rxd6 Nce7 19. Nd4 Nxe5 20. Be2 N5c6 21. Nxc6 Nxc6 22. Bf3 Rd8 23. Rad1 Rxd6 24. Rxd6 Kf8 25. Bxc6 bxc6 26. Rxc6 Bb7 27. Rc7 Bd5 28. f3 h6 29. Kf2 a5 30. b5 a4 31. b6 Rb8 32. Bd4 f6 33. Bc5+ Kg8 34. g3 Kh7 35. Ke3 Kg6 36. f4 Rb7 37. Rxb7 Bxb7 38. Kd4 Kf7 39. Kc4 e5 40. fxe5 fxe5 41. Kb5 e4 42. Kxa4 Ke6 43. Kb5 Kd5 44. a4 Bc6+ 45. Kb4 Bb7 46. a5 g6 47. Be3 h5 48. h4 Ba6 49. Bc5 Bd3 50. b7 1-0

[Event "Austria Championship Blitz 2024"]
[Site "Innsbruck"]
[Date "2024.06.01"]
[Round "11.18"]
[White "Schwarz, Benedikt"]
[Black "Casagrande, Harald"]
[Result "0-1"]
[ECO "A47"]
[WhiteElo "1919"]
[BlackElo "2290"]
[Annotator "RC"]
[PlyCount "66"]
[EventDate "2024.06.01"]
[EventType "swiss"]
[EventCountry "AUT"]
[SourceTitle "playchess.com"]
[Source "ChessBase"]
[SourceQuality "1"]
[TimeControl "180+2"]

1. d4 Nf6 2. Bf4 e6 3. e3 b6 4. Nf3 Bb7 5. c3 Be7 6. Nbd2 Nh5 7. Bg3 d6 8. Bd3 Nd7 9. Qe2 a6 10. e4 c5 11. Nc4 Nxg3 12. hxg3 b5 13. Ncd2 h6 14. dxc5 Nxc5 15. Bc2 Qb6 16. O-O Nd7 17. a4 O-O 18. Bd3 b4 19. Nc4 Qc5 20. Qd2 bxc3 21. Qxc3 Rfc8 22. Qd2 d5 23. exd5 Qxd5 24. Ne3 Qd6 25. Rfc1 Nc5 26. Be2 Qb6 27. Nc4 Qa7 28. b4 Nb3 29. Qb2 Nxa1 30. Rxa1 Bf6 31. Nce5 Bd5 32. Qd2 Bxf3 33. Nxf3 Bxa1 0-1

[Event "Austria Championship Blitz 2024"]
[Site "Innsbruck"]
[Date "2024.06.01"]
[Round "11.20"]
[White "Mira, Helene"]
[Black "Karall, Lorenz"]
[Result "1-0"]
[ECO "E93"]
[WhiteElo "2047"]
[BlackElo "1869"]
[Annotator "RC"]
[PlyCount "63"]
[EventDate "2024.06.01"]
[EventType "swiss"]
[EventCountry "AUT"]
[SourceTitle "playchess.com"]
[Source "ChessBase"]
[SourceQuality "1"]
[TimeControl "180+2"]

1. d4 Nf6 2. c4 d6 3. Nc3 g6 4. e4 Bg7 5. Be2 Nbd7 6. Nf3 e5 7. d5 O-O 8. Be3 Re8 9. Nd2 c6 10. O-O a6 11. Qc2 Nf8 12. f3 Nh5 13. Rfd1 Nf4 14. Bf1 Qg5 15. Kh1 Qh5 16. g3 Nh3 17. Bg2 Bh6 18. Nf1 Ng5 19. Qf2 c5 20. Nd2 Bh3 21. g4 Bxg2+ 22. Qxg2 Qh4 23. Bf2 Qh3 24. Rf1 f5 25. gxf5 gxf5 26. Rg1 f4 27. Qxh3 Kg7 28. Rxg5+ Bxg5 29. Rg1 h6 30. Qf5 Kh8 31. h4 Bd8 32. Qf7 1-0

[Event "Austria Championship Blitz 2024"]
[Site "Innsbruck"]
[Date "2024.06.01"]
[Round "11.21"]
[White "Leonov, Leonid"]
[Black "Hatzl, Johannes"]
[Result "0-1"]
[ECO "A01"]
[WhiteElo "1739"]
[BlackElo "2074"]
[Annotator "RC"]
[PlyCount "64"]
[EventDate "2024.06.01"]
[EventType "swiss"]
[EventCountry "AUT"]
[SourceTitle "playchess.com"]
[Source "ChessBase"]
[SourceQuality "1"]
[TimeControl "180+2"]

1. b3 d6 2. Bb2 e5 3. e3 Nc6 4. Nf3 g6 5. d4 Bg7 6. c4 exd4 7. Nxd4 Nxd4 8. Bxd4 Nf6 9. Nc3 O-O 10. Be2 a6 11. Rc1 Bd7 12. O-O Bc6 13. Bf3 Qd7 14. Qe2 b6 15. Rc2 Bxf3 16. Qxf3 Qe7 17. Rfc1 Nd7 18. Bxg7 Kxg7 19. Qc6 Ne5 20. Qe4 Rfe8 21. Nd5 Qd7 22. Qh4 Re6 23. Rd1 Rc8 24. Nf4 Ree8 25. Nd5 Qf5 26. e4 Qe6 27. f3 Nd7 28. Ne3 Qf6 29. Qh3 Qe6 30. Qh4 Qf6 31. Qg4 Qe6 32. Nf5+ Kh8 0-1

[Event "Austria Championship Blitz 2024"]
[Site "Innsbruck"]
[Date "2024.06.01"]
[Round "11.22"]
[White "Muehlbacher, Bernhard"]
[Black "Walder, Elias"]
[Result "0-1"]
[ECO "A34"]
[WhiteElo "1960"]
[BlackElo "2035"]
[Annotator "RC"]
[PlyCount "62"]
[EventDate "2024.06.01"]
[EventType "swiss"]
[EventCountry "AUT"]
[SourceTitle "playchess.com"]
[Source "ChessBase"]
[SourceQuality "1"]
[TimeControl "180+2"]

1. c4 Nf6 2. g3 e6 3. Bg2 c5 4. Nf3 Nc6 5. O-O d5 6. cxd5 Nxd5 7. a3 Be7 8. Nc3 O-O 9. d4 cxd4 10. Nxd4 Nxc3 11. bxc3 Qc7 12. Bf4 e5 13. Nxc6 bxc6 14. Be3 Ba6 15. Re1 Rfd8 16. Qc2 Rab8 17. c4 Bc8 18. c5 Be6 19. Be4 h6 20. f4 Bf6 21. Rab1 Bd5 22. Bxd5 Rxd5 23. Rxb8+ Qxb8 24. Rb1 Qc7 25. fxe5 Bxe5 26. Bf2 g6 27. e4 Rd8 28. Qa4 Kg7 29. Kg2 Rd3 30. Qc4 Qd7 31. Rf1 Rxa3 0-1

[Event "Austria Championship Blitz 2024"]
[Site "Innsbruck"]
[Date "2024.06.01"]
[Round "11.23"]
[White "Guba, Viktor"]
[Black "Froewis, Annika"]
[Result "1-0"]
[ECO "C47"]
[WhiteElo "1891"]
[BlackElo "2075"]
[Annotator "RC"]
[PlyCount "59"]
[EventDate "2024.06.01"]
[EventType "swiss"]
[EventCountry "AUT"]
[SourceTitle "playchess.com"]
[Source "ChessBase"]
[SourceQuality "1"]
[TimeControl "180+2"]

1. e4 e5 2. Nf3 Nc6 3. Nc3 Nf6 4. a3 d6 5. d4 exd4 6. Nxd4 Be7 7. Be2 O-O 8. O-O Re8 9. Be3 Bf8 10. f3 Ne5 11. Qd2 c5 12. Nb3 a6 13. a4 Be6 14. Bg5 h6 15. Bh4 Ng6 16. Bg3 Nh5 17. Bf2 Nhf4 18. Be3 Nxe2+ 19. Qxe2 Ne5 20. Nd2 Qb6 21. Rab1 Rad8 22. b4 Qc7 23. bxc5 dxc5 24. h3 b6 25. f4 Nc6 26. Nc4 Bxc4 27. Qxc4 Nd4 28. Nd5 Qc8 29. Bxd4 Rxe4 30. Nxb6 1-0

[Event "Austria Championship Blitz 2024"]
[Site "Innsbruck"]
[Date "2024.06.01"]
[Round "11.24"]
[White "Spierings, Benjamin"]
[Black "Kummer, Helmut"]
[Result "0-1"]
[ECO "C56"]
[WhiteElo "1829"]
[BlackElo "2212"]
[Annotator "RC"]
[PlyCount "70"]
[EventDate "2024.06.01"]
[EventType "swiss"]
[EventCountry "AUT"]
[SourceTitle "playchess.com"]
[Source "ChessBase"]
[SourceQuality "1"]
[TimeControl "180+2"]

1. e4 e5 2. Bc4 Nf6 3. d4 Nc6 4. Nf3 exd4 5. e5 d5 6. Bb5 Ne4 7. Nxd4 Bd7 8. Bxc6 bxc6 9. O-O Bc5 10. Be3 Bb6 11. Nd2 Nxd2 12. Qxd2 c5 13. Nf3 d4 14. Bf4 Bc6 15. Qd3 Qd5 16. Rad1 O-O-O 17. h3 h6 18. c3 g5 19. Bg3 Qe4 20. cxd4 Qxd3 21. Rxd3 Bb5 22. Rfd1 Bxd3 23. Rxd3 cxd4 24. b4 Rd5 25. a4 a6 26. Kf1 Re8 27. a5 Ba7 28. Ke2 f6 29. Kd2 fxe5 30. Nxe5 Rdxe5 31. Bxe5 Rxe5 32. Rf3 Rb5 33. Rf6 Kb7 34. Rxh6 Rxb4 35. Rg6 Rb5 0-1